AoeStats
← matejzrno55

Fortress

509956888Analyzed
4v4 RM · 2d ago on Sep 28, 2026· 29m 18s· 8 players
Game mode
Random Map
Map size
Huge
Population
200
Speed
Normal
Resources
Standard
Victory
Conquest
Starting age
Dark Age
Ending age
Imperial Age
RankedLock teamsTeams togetherTeam positionsShared explorationLock speedFull tech treeHidden civsTurbo modeCheats
Victory
Defeat
1043
+15
🇲🇽 Danes · Mexico
1017
+16
🇪🇸 Persians · Spain
1014
+16
🇹🇷 Goths · Türkiye
960
+20
🇳🇱 Britons · Netherlands
1088
-19
🇫🇷 Khmer · France
1088
-19
🇧🇦 Byzantines · Bosnia & Herzegovina
972
-15
🇧🇦 Goths · Bosnia & Herzegovina
948
-14
Dragón del Oeste
6:29 Feudal Age
6:57 Double-Bit Axe
12:10 Castle Age
11:17 Horse Collar
12:21 Loom
13:14 Wheelbarrow
13:07 Bow Saw
17:48 Fletching
23:12 Scale Mail Armor
24:58 Forging
29:11 Chain Mail Armor
ronald.lama6
7:56 Feudal Age
11:29 Castle Age
10:09 Double-Bit Axe
10:21 Horse Collar
15:49 Wheelbarrow
16:12 Bow Saw
17:00 Town Watch
23:02 Gold Mining
23:39 Hand Cart
23:49 Bloodlines
23:55 Husbandry
25:12 Scale Barding Armor
25:17 Forging
25:59 Gold Shaft Mining
26:21 Bloodlines
29:54 Imperial Age
27:11 Loom
27:27 Town Patrol
The Viper (Minus quick walls)
6:58 Loom
8:44 Feudal Age
11:03 Feudal Age
14:41 Castle Age
14:09 Double-Bit Axe
14:05 Horse Collar
15:55 Bow Saw
16:43 Heavy Plow
25:02 Wheelbarrow
27:37 Imperial Age
27:51 Gold Mining
27:44 Crossbowman
28:15 Fletching
29:15 Conscription
29:27 Bodkin Arrow
29:12 Arbalester
laz_lordu
1:39 Loom
7:26 Feudal Age
12:27 Castle Age
10:33 Double-Bit Axe
11:05 Horse Collar
18:57 Wheelbarrow
21:19 Bow Saw
22:26 Squires
22:31 Town Watch
25:43 Imperial Age
24:01 Gold Mining
24:24 Pikeman
25:28 Scale Mail Armor
26:39 Perfusion
27:02 Conscription
26:09 Halberdier
27:30 Forging
27:36 Chain Mail Armor
28:23 Anarchy
senninha
5:57 Loom
8:13 Feudal Age
12:42 Castle Age
11:03 Double-Bit Axe
11:10 Gold Mining
11:02 Horse Collar
11:35 Town Watch
12:43 Wheelbarrow
13:44 Bow Saw
14:46 Gold Shaft Mining
19:06 Ballistics
21:29 Stone Mining
23:30 Sanctity
28:19 Imperial Age
26:18 Redemption
27:24 Hand Cart
30:04 Chemistry
matejzrno55
1:11 Loom
7:37 Feudal Age
8:55 Wheelbarrow
8:40 Horse Collar
9:03 Double-Bit Axe
15:36 Castle Age
15:07 Forging
15:04 Scale Barding Armor
17:19 Heavy Plow
20:43 Squires
24:42 Gold Mining
24:43 Stone Mining
25:06 Bow Saw
24:57 Pikeman
28:15 Imperial Age
26:01 Hand Cart
27:07 Gold Shaft Mining
28:13 Iron Casting
28:13 Chain Barding Armor
Marietje Toch
0:32 Loom
7:48 Feudal Age
9:11 Double-Bit Axe
9:55 Horse Collar
13:17 Castle Age
13:25 Wheelbarrow
12:39 Town Watch
14:07 Gold Mining
14:40 Fletching
15:05 Heavy Plow
15:18 Bow Saw
17:12 Padded Archer Armor
23:26 Bodkin Arrow
27:26 Imperial Age
26:55 Ballistics
27:02 Leather Archer Armor
Alkuja
0:35 Loom
7:06 Feudal Age
8:57 Wheelbarrow
8:47 Double-Bit Axe
13:45 Castle Age
12:37 Horse Collar
15:04 Caravan
19:25 Padded Archer Armor
19:17 Fletching
22:56 Hand Cart
24:39 Forging
Connection lost

Rejoining the realm…

Still unreachable

The connection could not be restored.

Session expired

The server has moved on; the page needs a fresh start.